 Dungeon Crawl Stone Soup version 0.28.0-45-g0d030f2227 (webtiles) character file.

Game seed: 15999238064845343751

19 zeratav the Insei (level 2, 0/18 HPs)
             Began as an Octopode Transmuter on Apr 6, 2022.
             Hit by a stone thrown by a kobold (2 damage)
             ... on level 1 of the Dungeon.
             The game lasted 00:03:24 (987 turns).

zeratav the Insei (Octopode Transmuter)              Turns: 987, Time: 00:03:25

Health: 0/18       AC:  1    Str:  9    XL:     2   Next: 75%
Magic:  5/5        EV: 13    Int: 15    God:
Gold:   10         SH:  0    Dex: 12    Spells: 4/5 levels left

rFire   . . .      SeeInvis .     - Unarmed
rCold   . . .      Faith    .   (no shield)
rNeg    . . .      Spirit   .   (helmet restricted)
rPois   .          Reflect  .   c - amulet of magic regeneration
rElec   .          Harm     .   (no ring)
rCorr   .          Rampage  .   (no ring)
Will    .....                   (no ring)
Stlth   ++........              (no ring)
HPRegen 0.06/turn               (no ring)
MPRegen 0.49/turn               (no ring)
                                (no ring)
                                (no ring)

@: no status effects
A: almost no armour, amphibious, 8 rings, camouflage 1, gelatinous body 1,
(nimble swimmer 1), tentacles
a: no special abilities


You were on level 1 of the Dungeon.
You visited 1 branch of the dungeon, and saw 1 of its levels.

You collected 10 gold pieces.

Inventory:

Jewellery
 c - an amulet of magic regeneration (around mantle)
 e - a ring of fire
Scrolls
 a - a scroll of identify {unknown}
 b - a scroll of fear {unknown}
Potions
 d - a potion of flight {unknown}


   Skills:
 * Level 1.6 Fighting
 * Level 2.4 Dodging
 * Level 3.2 Unarmed Combat
 - Level 2.0 Spellcasting
 + Level 2.1 Transmutations


You had 4 spell levels left.
You knew the following spells:

 Your Spells              Type           Power      Damage    Failure   Level
a - Beastly Appendage     Tmut           14%        N/A       10%         1

Your spell library contained the following spells:

 Spells                   Type           Power      Damage    Failure   Level
 Wereblood                Tmut           7%         N/A       14%         2
 Scorch                   Fire           2%         2d5       32%         2
 Spider Form              Tmut/Pois      4%         N/A       41%         3
 Call Canine Familiar     Summ           1%         N/A       54%         3
 Portal Projectile        Hex/Tloc       2%         N/A       54%         3
 Ice Form                 Ice/Tmut       4%         N/A       82%         4
 Flame Wave               Conj/Fire      1%         2d4       91%         4
 Leda's Liquefaction      Hex/Erth       0%         N/A       91%         4
 Summon Cactus Giant      Summ           0%         N/A       100%        6


Dungeon Overview and Level Annotations

Branches:
Dungeon (1/15)

Altars:


Innate Abilities, Weirdness & Mutations

You cannot wear most types of armour.
You are amphibious.
You can wear up to eight rings at the same time.
Your skin changes colour to match your surroundings (Stealth+).
Your rubbery body absorbs attacks. (AC +1, EV +1)
((You are camouflaged when in or above water. (Stealth+)))
You have tentacles for arms and can constrict up to eight enemies at once.


Message History

e - a ring of fire One of your tentacles grows a vicious spike.
The kobold shouts!
The endoplasm quivers.
You hear a shout!
The kobold throws a stone.
The stone hits you.
You tentacle-slap the bat.
You kill the bat!
The kobold throws a stone.
The stone completely misses you.
A kobold comes into view. It is wielding a +0 short sword.
The dart slug launches a dart at you. The slug dart hits you.
The dart slug launches a dart at you. The slug dart hits you.
* * * LOW HITPOINT WARNING * * *
The kobold throws a stone.
The stone closely misses you.
The kobold throws a stone.
The stone hits you but does no damage.
You tentacle-slap the endoplasm.
You pierce the endoplasm, but do no damage.
The endoplasm is almost dead.
The endoplasm barely misses you.
You tentacle-slap the endoplasm but do no damage.
You pierce the endoplasm.
You kill the endoplasm!
Your transformation is almost over.
The dart slug launches a dart at you. The slug dart hits you.
* * * LOW HITPOINT WARNING * * *
You open the door.
The kobold throws a stone.
The stone barely misses you.
Found 16 stones.
There is an open door here.
Unknown command.
You close the door.
A ball python comes into view.
A kobold breaks down the door.
Your tentacle spike disappears.
The ball python hisses angrily.
You see here 16 stones.
The kobold throws a stone.
The stone hits you.
You die...

.....#.##### ###.#.## #####
.....#(....####......#+#.....
......................>......
#..#.#...#.###...............
...#...#.#.# #K######.......!
..##...#.#.###K######..#.####
..##...#.#.##..........# #
..##.......##..........#
..##.#.#†####..(@......#
.......#.....#.######..#
##.... ......#.# #..#
#.####......#S# #..# #
#......#.# ##.####......+..
..... ##.....#.# #...##
#..####.# ..#..####


You could see 2 kobolds.

Vanquished Creatures
  2 ball pythons (D:1)
  4 endoplasms (D:1)
  A giant cockroach (D:1)
  2 goblins (D:1)
  A hobgoblin (D:1)
  4 bats (D:1)
  2 kobolds (D:1)
  2 rats (D:1)
18 creatures vanquished.

Notes
Turn   | Place    | Note
-------+----------+-------------------------------------------
     0 | D:1      | zeratav the Octopode Transmuter began the quest for the
                  | Orb.
     0 | D:1      | Reached XP level 1. HP: 13/13 MP: 3/3
   575 | D:1      | Reached XP level 2. HP: 18/18 MP: 3/5
   987 | D:1      | Hit by a stone thrown by a kobold

Illustrated notes

Levels and vault maps discovered:
D:1:      dpeg_arrival_arbitrary_c, layout_basic, serial_glass, glass_columns_c,
          glass_columns_c, minmay_misc_feat_chi, minmay_misc_feat_ornament,
          st_stairs_11

Action                   || total
-------------------------++-------
Melee: Unarmed           ||    36
       Constrict         ||    12
       Kick              ||    10
       Tentacles         ||     5
       Punch             ||     1
 Cast: Beastly Appendage ||    13
 Stab: Sleeping          ||     3
Armor: Skin              ||     4
Dodge: Dodged            ||    16
